 Dungeon Crawl Stone Soup version 0.29-a0-834-g1e95ca9f62 (webtiles) character file.

Game seed: 5317436869107830403

35 Sabo the Chopper (level 3, -3/27 HPs)
             Began as a Demonspawn Gladiator on July 13, 2022.
             Slain by a gnoll
             ... wielding a +0 whip
              (9 damage)
             ... on level 2 of the Dungeon.
             The game lasted 00:04:20 (1214 turns).

Sabo the Chopper (Demonspawn Gladiator)             Turns: 1214, Time: 00:04:22

Health: -3/27      AC:  5    Str: 16    XL:     3   Next: 17%
Magic:  3/3        EV: 12    Int:  9    God:
Gold:   37         SH:  0    Dex: 14    Spells: 2/2 levels left

rFire   . . .      SeeInvis .   a - +0 war axe
rCold   . . .      Faith    .   (no shield)
rNeg    . . .      Spirit   .   b - +0 leather armour
rPois   .          Reflect  .   c - +0 helmet
rElec   .          Harm     .   j - +0 cloak
rCorr   .          Rampage  .   (no gloves)
Will    .....                   (no boots)
Stlth   +.........              (no amulet)
HPRegen 0.09/turn               (no ring)
MPRegen 0.08/turn               (no ring)

@: no status effects
A: demonic guardian 1, demonic touch 1
a: no special abilities


You were on level 2 of the Dungeon.
You visited 1 branch of the dungeon, and saw 2 of its levels.

You collected 37 gold pieces.

Inventory:

Hand Weapons
 a - a +0 war axe (weapon)
 f - a +0 dagger of speed
Missiles
 d - 3 throwing nets (quivered)
 e - a javelin
Armour
 b - a +0 leather armour (worn)
 c - a +0 helmet (worn)
 j - a +0 cloak (worn)
Scrolls
 h - a scroll of identify {unknown}
Potions
 g - a potion of invisibility {unknown}
 i - a potion of brilliance {unknown}


   Skills:
 + Level 2.1 Fighting
 + Level 3.4 Axes
 + Level 1.9 Throwing
 + Level 0.6 Armour
 + Level 3.0 Dodging


You had 2 spell levels left.
You didn't know any spells.
Your spell library contained the following spells:

 Spells                   Type           Power      Damage    Failure   Level
 Ozocubu's Armour         Ice            0%         N/A       83%         3
 Metabolic Englaciation   Hex/Ice        0%         N/A       100%        5
 Simulacrum               Ice/Necr       0%         N/A       100%        6


Dungeon Overview and Level Annotations

Branches:
Dungeon (2/15)

Altars:


Innate Abilities, Weirdness & Mutations

A weak demonic guardian rushes to your aid.
Your touch may inflict minor irresistible damage on your foes.


Message History

i - an inky potion A bat comes into view.
Found a cloak.
The bat closely misses you.
You hit the bat.
You kill the bat!
You see here a +0 cloak.
j - a +0 cloak You start putting on your armour.
You continue putting on your +0 cloak. x4
You finish putting on your +0 cloak.
Found 6 stones.
Found a leather armour.
Found a stone staircase leading up.
You open the door. 2 gnolls come into view.
The gnoll shouts! x2
Found a club and a leather armour.
Found an escape hatch in the floor.
A gnoll comes into view. It is wielding a +0 spear.
Found 10 gold pieces.
The gnoll shouts!
There is an open door here.
A gnoll comes into view. It is wielding a +0 halberd.
The gnoll shouts!
There is an escape hatch in the floor here.
You closely miss the gnoll. The gnoll barely misses you.
You slash the gnoll! Your touch misses the gnoll.
The gnoll is severely wounded.
You hit the gnoll. The gnoll hits you with a +0 whip.
The gnoll closely misses you. The gnoll barely misses you.
The gnoll hits you with a +0 whip.
A demonic guardian appears!
Your white imp hits the gnoll.
Your white imp freezes the gnoll.
The gnoll hits you with a +0 whip.
The gnoll hits you from afar with a +0 halberd!
* * * LOW HITPOINT WARNING * * *
The gnoll barely misses you. x2
You barely miss the gnoll.
You touch the gnoll!
The gnoll is severely wounded.
You barely miss the gnoll. You closely miss the gnoll.
Your white imp closely misses the gnoll.
The gnoll barely misses you. The gnoll misses you.
The gnoll hits you with a +0 whip!
You die...

#...#.# #####.........
###.###.###<..#.........
+.............+.........
##............#.....####
#..#########.#.....#
#..# #...##### #...
######'##.(...# #..#
#$...)>g.....[# #.##
#....5@g[.....# #.
#.....g.......#
#####.g.....###
#.......# #....<..#
........# .......##
........#


You could see 4 gnolls and a friendly white imp (summoned).

Vanquished Creatures
  2 dart slugs (D:1)
  A ball python (D:1)
  5 bats
  2 endoplasms (D:1)
  2 giant cockroaches (D:1)
  3 goblins (D:1)
  3 hobgoblins (D:1)
  2 frilled lizards (D:1)
  5 kobolds (D:1)
  A rat (D:1)
26 creatures vanquished.

Vanquished Creatures (collateral kills)
  A goblin (D:1)
  A hobgoblin (D:1)
  A frilled lizard (D:1)
3 creatures vanquished.

Grand Total: 29 creatures vanquished

Notes
Turn   | Place    | Note
-------+----------+-------------------------------------------
     0 | D:1      | Sabo the Demonspawn Gladiator began the quest for the Orb.
     0 | D:1      | Reached XP level 1. HP: 16/16 MP: 1/1
    58 | D:1      | Gained mutation: A weak demonic guardian rushes to your
                  | aid. [demonic ancestry]
    58 | D:1      | Reached XP level 2. HP: 13/22 MP: 2/2
   853 | D:1      | Gained mutation: Your touch may inflict minor irresistible
                  | damage on your foes. [demonic ancestry]
   853 | D:1      | Reached XP level 3. HP: 21/27 MP: 3/3
  1214 | D:2      | Slain by a gnoll

Illustrated notes

Levels and vault maps discovered:
D:1:      heliophobic_arrival_battle_scene, layout_basic
D:2:      minmay_chambers_of_ones, layout_basic

Skill      XL: |  1  2 |
---------------+-------+-----
Axes           | 3 |  3.4
Dodging        | 3 |  3.0
Fighting       | |  2.1
Throwing       | |  1.9
Armour         | |  0.6

Action                   || total
-------------------------++-------
Melee: War axe           ||    73
       Punch             ||     1
       Touch             ||     2
Armor: Leather armour    ||    22
Dodge: Dodged            ||    87

Table legend: (Time is in decaauts)
 A = Elapsed time spent in this place.
 B = Non-inter-level travel time spent in this place.
 C = Inter-level travel time spent in this place.
 D = Time resting spent in this place.
 E = Time spent auto-exploring this place.
 F = Levels seen in this place.
 G = Mean time per level.
                   A        B        C        D        E       F      G
               +--------+--------+--------+--------+--------+-----+--------+
         Total |   1238 |   1238 |      0 |    519 |      0 |   2 |  619.0 |
       Dungeon |   1238 |   1238 |      0 |    519 |      0 |   2 |  619.0 |
               +--------+--------+--------+--------+--------+-----+--------+

Top non-repeatable levels by time:
     D:1: 1181 daAuts
     D:2: 57 daAuts
